 Dungeon Crawl Stone Soup version 0.20.1-1-g8b1a95d (webtiles) character file.

511 PhyxPenguin the Chopper (level 7, -1/61 HPs)
             Began as a Hill Orc Chaos Knight on Dec 9, 2017.
             Slain by PauBabau's ghost (8 damage)
             ... on level 4 of the Dungeon.
             The game lasted 00:32:12 (3054 turns).

PhyxPenguin the Chopper (Hill Orc Chaos Knight)     Turns: 3054, Time: 00:32:12

Health: -1/61      AC:  5    Str: 17      XL:     7   Next: 19%
Magic:  7/7        EV: 12    Int: 11 (12) God:    Xom [....*.]
Gold:   150        SH:  0    Dex:  8 (10) Spells: 6/6 levels left

rFire    . . .     SeeInvis .   a - +0 hand axe (chaos)
rCold    + . .     Gourm    .   (no shield)
rNeg     . . .     Faith    .   b - +2 leather armour
rPois    .         Spirit   .   (helmet restricted)
rElec    +         Reflect  .   (no cloak)
rCorr    .         Harm     .   (no gloves)
MR       .....                  (no boots)
Stlth    +.........             (no amulet)
Regen    0.2/turn               (no ring)
MPRegen  0.1/turn               (no ring)

@: no status effects
A: horns 1, cold resistance 1, electricity resistance, no potion heal 1
a: Renounce Religion


You were on level 4 of the Dungeon.
You worshipped Xom.
You were a beloved toy of Xom.
You were not hungry.

You visited 1 branch of the dungeon, and saw 4 of its levels.

You collected 150 gold pieces.

Inventory:

Hand Weapons
 a - a +0 hand axe of chaos (weapon)
 j - the +5 hunting sling of Wyrd {chaos, rN+ Str+4, unknown}
   (Xom gifted it to you on level 3 of the Dungeon)

   Each projectile launched from it has a different, random effect.
   It affects your strength (+4).
   It protects you from negative energy.
Missiles
 g - 5 silver javelins (quivered)
Armour
 b - a +2 leather armour (worn)
 e - a +0 ring mail
 h - a +0 scale mail
Wands
 k - a wand of lightning (10/15)
Scrolls
 c - a scroll of random uselessness
 d - a scroll of remove curse
Potions
 l - a potion of agility
Comestibles
 f - a meat ration


   Skills:
 + Level 5.2 Fighting
 + Level 7.5 Axes
 + Level 3.7 Armour
 + Level 2.5 Dodging
 + Level 1.0 Stealth


You had 6 spell levels left.
You didn't know any spells.

Dungeon Overview and Level Annotations

Branches:
Dungeon (4/15)
 Temple: D:4-7

Altars:
Sif Muna

Annotations:
D:4 PauBabau's ghost, novice OgGl


Innate Abilities, Weirdness & Mutations

You have a pair of small horns on your head.
Your flesh is cold resistant. (rC+)
You are resistant to electric shocks. (rElec)
Potions are less effective at restoring your health.


Message History

* * * LOW HITPOINT WARNING * * *
The orc hits you.
* * * LOW HITPOINT WARNING * * *
The centaur skeleton hits you but does no damage.
You barely miss the orc. Your headbutt misses the orc.
The orc is severely wounded.
You hit the orc.
The orc is poisoned.
You hit the orc but do no damage. You hit the centaur skeleton.
You destroy the centaur skeleton!
You barely miss the centaur.
The orc priest shouts, "Join the one true god or die!"
You hit the wyvern zombie. You burn the wyvern zombie.
Your surroundings suddenly seem different.
Xom is highly amused!
PauBabau's ghost (novice Ogre Gladiator) comes into view.
PauBabau's ghost turns its malevolent gaze towards you.
Found a scroll of remove curse.
PauBabau's ghost hits you!
You die...
Xom snickers!

....................
..........?.........
#...........
#..........# ..
#..........#...
...............
............... #W#
#@# #.# #........
......?.. #.........
#.........
##........ #........
##.......


You could see PauBabau's ghost.

Vanquished Creatures
  Grinder (D:3)
  A centaur skeleton (D:4)
  Natasha (thrice) (D:2)
  2 adders (D:2)
  A gnoll (D:3)
  An adder skeleton (D:2)
  A worm (D:3)
  5 dart slugs
  4 leopard geckos
  4 orcs
  9 bats
  A bat skeleton (D:2)
  A bat zombie (D:2)
  2 giant cockroaches
  12 goblins
  8 hobgoblins
  8 jackals
  3 quokkas
  3 ball pythons
  A ball python zombie (D:2)
  5 frilled lizards
  6 kobolds
  8 rats
90 creatures vanquished.

Vanquished Creatures (collateral kills)
  2 orc wizards (D:3)
  3 gnolls (D:3)
  An orc (D:3)
  A hobgoblin (D:3)
  2 jackals (D:3)
9 creatures vanquished.

Grand Total: 99 creatures vanquished

Notes
Turn   | Place    | Note
-------+----------+-------------------------------------------
     0 | D:1      | PhyxPenguin the Hill Orc Chaos Knight began the quest for the Orb.
     0 | D:1      | Reached XP level 1. HP: 19/19 MP: 1/1
    75 | D:1      | Reached XP level 2. HP: 8/27 MP: 2/2
    96 | D:1      | XOM: harmless Pois miscast
   548 | D:1      | Reached skill level 1 in Dodging
   550 | D:1      | Reached XP level 3. HP: 27/33 MP: 3/3
   558 | D:1      | XOM: divination: magic mapping
   832 | D:1      | XOM: god gift: 5 silver javelins
  1336 | D:2      | XOM: harmless Fire miscast
  1341 | D:2      | Reached skill level 5 in Axes
  1341 | D:2      | Reached XP level 4. HP: 36/41 MP: 4/4
  1434 | D:2      | XOM: god gift: 9 stones
  1749 | D:2      | Noticed Natasha
  1763 | D:2      | XOM: cleaving
  1767 | D:2      | Killed Natasha
  1808 | D:2      | Noticed Natasha
  1823 | D:2      | Killed Natasha
  1823 | D:2      | Reached XP level 5. HP: 11/47 MP: 5/5
  1891 | D:2      | XOM: mild Fire miscast
  1952 | D:2      | XOM: cloud trail
  1957 | D:2      | Found a deep blue altar of Sif Muna.
  1997 | D:2      | Noticed Natasha
  2006 | D:2      | Killed Natasha
  2195 | D:3      | Reached skill level 6 in Axes
  2209 | D:3      | Reached XP level 6. HP: 11/53 MP: 6/6
  2217 | D:3      | Gained mutation: Potions are less effective at restoring your health. [potion of mutation]
  2217 | D:3      | Gained mutation: You have a pair of small horns on your head. [potion of mutation]
  2217 | D:3      | Gained mutation: You are resistant to electric shocks. (rElec) [potion of mutation]
  2217 | D:3      | Gained mutation: Your flesh is cold resistant. (rC+) [potion of mutation]
  2506 | D:3      | XOM: divination: detect items
  2529 | D:3      | XOM: cloud trail
  2965 | D:3      | XOM: god gift: bone hunting sling {god gift}
  2966 | D:3      | Got a bone hunting sling {god gift}
  3023 | D:3      | Noticed Grinder
  3034 | D:3      | Killed Grinder
  3034 | D:3      | Reached skill level 5 in Fighting
  3034 | D:3      | Reached skill level 7 in Axes
  3034 | D:3      | Reached skill level 1 in Stealth
  3034 | D:3      | Reached XP level 7. HP: 43/61 MP: 7/7
  3052 | D:4      | Noticed PauBabau's ghost (novice OgGl)
  3054 | D:4      | Slain by PauBabau's ghost

Skill      XL: |  1  2  3  4  5  6 |
---------------+-------------------+-----
Fighting       | 4 5 |  5.2
Dodging        | 1 2 |  2.5
Axes           | 5 6 7 |  7.5
Armour         | 3 |  3.7
Stealth        | 1 |  1.0

Action                   |  1- 3 |  4- 6 |  7- 9 || total
-------------------------+-------+-------+-------++-------
Melee: Hand axe          |   118 |   148 |     5 ||   271
       Headbutt          |       |     6 |     1 ||     7
  Use: Scroll            |     1 |     4 |     1 ||     6
       Potion            |       |     5 |       ||     5
 Stab: Paralysed         |     1 |       |       ||     1
       Petrified         |       |     3 |       ||     3
  Eat: Bread ration      |     1 |     1 |       ||     2
Armor: Leather armour    |    68 |    60 |     2 ||   130
Dodge: Dodged            |    83 |   129 |     8 ||   220
